 Dungeon Crawl Stone Soup version 0.28.0-1-gb440e238dd (webtiles) character file.

Game seed: 10865250700958527939

105 EWolf27 the Ruffian (level 4, 0/44 HPs)
             Began as a Troll Monk on Feb 22, 2022.
             Was a Believer of Trog.
             Slain by Sigmund (11 damage)
             ... on level 2 of the Dungeon.
             The game lasted 00:03:44 (1533 turns).

EWolf27 the Ruffian (Troll Monk)                    Turns: 1533, Time: 00:03:44

Health: 0/44       AC:  4    Str: 21    XL:     4   Next: 53%
Magic:  3/3        EV: 10    Int:  6    God:    Trog [**....]
Gold:   136        SH:  0    Dex: 12    Spells: 3/3 levels left

rFire   . . .      SeeInvis .     - Unarmed
rCold   . . .      Faith    .   (no shield)
rNeg    . . .      Spirit   .   a - +0 robe
rPois   .          Reflect  .   (helmet restricted)
rElec   .          Harm     .   (no cloak)
rCorr   .          Rampage  .   (gloves unavailable)
Will    .....                   (boots unavailable)
Stlth   ++........              (no amulet)
HPRegen 0.94/turn               (no ring)
MPRegen 0.08/turn               (no ring)

@: no status effects
A: large, unfitting armour, claws 3, regeneration 1, shaggy fur 1, tough skin 1
a: Renounce Religion, Berserk, Trog's Hand


You were on level 2 of the Dungeon.
You worshipped Trog.
Trog was pleased with you.
You visited 1 branch of the dungeon, and saw 2 of its levels.

You collected 136 gold pieces.

Inventory:

Missiles
 g - 2 poisoned darts (quivered)
Armour
 a - a +0 robe (worn)
Scrolls
 b - 2 scrolls of magic mapping {unknown}
 d - 2 scrolls of amnesia {unknown}
 e - a scroll of identify {unknown}
 i - a scroll of enchant armour {unknown}
Potions
 c - a potion of attraction {unknown}
 f - a potion of cancellation {unknown}
 h - a potion of flight {unknown}
 j - a potion of degeneration {unknown}
 k - a potion of brilliance {unknown}


   Skills:
 + Level 2.9 Fighting
 + Level 3.1 Dodging
 - Level 1.0 Stealth
 + Level 4.2 Unarmed Combat


You had 3 spell levels left.
You didn't know any spells.
Your spell library contained the following spells:

 Spells                   Type           Power      Damage    Failure   Level
 Beastly Appendage        Tmut           0%         N/A       45%         1
 Wereblood                Tmut           0%         N/A       58%         2
 Spider Form              Tmut/Pois      0%         N/A       83%         3


Dungeon Overview and Level Annotations

Branches:
Dungeon (2/15)

Altars:
Trog

Annotations:
D:2 Sigmund


Innate Abilities, Weirdness & Mutations

You are too large for most types of armour.
You have claws for hands.
Your natural rate of healing is unusually fast.
You are covered in fur. (AC +1)
You have tough skin. (AC +1)


Message History

Things that are here:
a +0 dagger; a goblin corpse
Things that are here:
a +0 club; a +0 club; a goblin corpse A hobgoblin comes into view.
Found a grey potion.
The hobgoblin completely misses you.
You scratch the hobgoblin.
The hobgoblin is heavily wounded.
The hobgoblin hits you.
You claw the hobgoblin!
You kill the hobgoblin!
Trog accepts your kill.
No target in view!
No target in view!
You now have 117 gold pieces (gained 11).
k - a grey potion You now have 136 gold pieces (gained 19).
Sigmund the Dreaded comes into view.
He is wielding a +0 scythe.
Sigmund shouts!
Sigmund moves out of view.
Sigmund casts a spell at you. The puff of flame hits you!
Sigmund hits you from afar with a +0 scythe!
Sigmund hits you with a +0 scythe!
You are too injured to fight recklessly!
You are too injured to fight recklessly!
You closely miss Sigmund. You scratch Sigmund but do no damage.
Sigmund hits you with a +0 scythe.
You closely miss Sigmund. You claw Sigmund!
Sigmund is moderately wounded.
You claw Sigmund!
Sigmund is almost dead.
Sigmund screams, "You will never...
NEVER!!!"
Sigmund hits you with a +0 scythe.
* * * LOW HITPOINT WARNING * * *
You barely miss Sigmund.
Sigmund is almost dead.
Sigmund hits you with a +0 scythe!
You die...

####### ###
#.#.#.##### #.#
#...@.....# #.#
#.#@...# ## ####
#.#######.#.##.# #.
... ###
#.#............#
#.#######. ..#
#.#.#####.#.####
#......... ..# #.#.#
#.#... #.(######.
..## #.#.#
#.#########..#......
...###.#.# #..
........#.###..
.......#.# ###
###.......# #.#
...#####.#
..........###.#


You could see Sigmund.

Vanquished Creatures
  Terence (D:2)
  Robin (D:2)
  An adder (D:2)
  A dart slug (D:1)
  8 ball pythons
  4 bats
  7 endoplasms
  4 giant cockroaches
  10 goblins
  4 hobgoblins
  3 kobolds (D:1)
  2 quokkas
  2 frilled lizards (D:2)
  3 rats (D:2)
51 creatures vanquished.

Notes
Turn   | Place    | Note
-------+----------+-------------------------------------------
     0 | D:1      | EWolf27 the Troll Monk began the quest for the Orb.
     0 | D:1      | Reached XP level 1. HP: 22/22 MP: 0/0
    60 | D:1      | Found a faded altar of an unknown god.
    71 | D:1      | Reached XP level 2. HP: 25/29 MP: 1/1
   636 | D:1      | Reached XP level 3. HP: 36/36 MP: 2/2
   964 | D:2      | Noticed Terence
   973 | D:2      | Killed Terence
   974 | D:2      | Reached skill level 4 in Unarmed Combat
   974 | D:2      | Reached XP level 4. HP: 35/44 MP: 3/3
  1273 | D:2      | Found a bloodstained altar of Trog.
  1278 | D:2      | Identified the -4 helmet "Vestrut" {rF+ Str+4 Int-3}
  1278 | D:2      | Noticed Robin
  1280 | D:2      | Became a worshipper of Trog the Wrathful
  1280 | D:2      | Reached * piety under Trog
  1280 | D:2      | Reached ** piety under Trog
  1292 | D:2      | Killed Robin
  1525 | D:2      | Noticed Sigmund
  1533 | D:2      | Slain by Sigmund

Illustrated notes

Levels and vault maps discovered:
D:1:      saegor_arrival_under_anarchy, layout_rooms,
          ebering_ecumenical_altar_abandoned, grunt_decor_arrowhead
D:2:      layout_basic, basic_altar, uniq_terence, uniq_robin, uniq_sigmund

Skill      XL: |  1  2  3 |
---------------+----------+-----
Dodging        | 3 |  3.1
Unarmed Combat | 4 |  4.2
Fighting       | |  2.9
Stealth        | |  1.0

Action                   |  1- 3 |  4- 6 || total
-------------------------+-------+-------++-------
Melee: Unarmed           |    87 |    50 ||   137
       Punch             |     3 |     2 ||     5
 Stab: Sleeping          |     4 |     1 ||     5
Armor: Robe              |    31 |    15 ||    46
Dodge: Dodged            |    40 |    27 ||    67
